 Dungeon Crawl Stone Soup version bcrawl-1.12.2 (webtiles) character file.

Game seed: 2880738404281939252

30 Ebbett the Covert (level 3, -4/25 HPs)
             Began as a Gnoll Rogue on July 23, 2019.
             Slain by a worm (5 damage)
             ... on level 2 of the Dungeon.
             The game lasted 00:02:45 (912 turns).

Ebbett the Covert (Gnoll Rogue)                      Turns: 912, Time: 00:02:45

Health: -4/25      AC:  3    Str: 13    XL:     3   Next: 18%
Magic:  6/6        EV: 11    Int: 13    God:
Gold:   52         SH:  0    Dex: 17    Spells: 3/3 levels left

rFire    . . .     SeeInvis .   a - +2 dagger
rCold    . . .     Gourm    .   (no shield)
rNeg     . . .     Faith    .   c - +0 robe
rPois    .         Spirit   .   (no helmet)
rElec    .         Reflect  .   d - +0 cloak
rCorr    .         Harm     .   (no gloves)
MR       .....                  (no boots)
Stlth    ++++......             (no amulet)
HPRegen  0.08/turn              (no ring)
MPRegen  0.10/turn              (no ring)

@: no status effects
A: distributed training, fangs 1, strong nose
a: no special abilities


You were on level 2 of the Dungeon.
You were not hungry.

You visited 1 branch of the dungeon, and saw 2 of its levels.

You collected 52 gold pieces.

Inventory:

Hand Weapons
 a - a +2 dagger (weapon)
 b - a +0 blowgun
 q - a cursed -3 short sword
Missiles
 e - 329 poisoned needles
 i - 177 bolts
Armour
 c - a +0 robe (worn)
 d - a +0 cloak (worn)
Jewellery
 n - a cursed ring of teleportation {unknown}
Wands
 f - a wand of flame (15)
 g - a wand of enslavement (15)
Scrolls
 k - a scroll of blinking {unknown}
 l - a scroll of amnesia {unknown}
 m - a scroll of enchant armour {unknown}
 r - a scroll of teleportation {unknown}
Potions
 j - 3 potions of haste {unknown}
 o - a potion of brilliance {unknown}
 p - a potion of might {unknown}
Comestibles
 h - 6 rations {!d}


   Skills:
 + Level 0.6 Fighting
 + Level 4.5 Short Blades
 + Level 0.6 Long Blades
 + Level 0.6 Axes
 + Level 0.6 Maces & Flails
 + Level 0.6 Polearms
 + Level 0.6 Staves
 + Level 0.6 Slings
 + Level 0.6 Bows
 + Level 0.6 Crossbows
 + Level 4.5 Throwing
 + Level 0.6 Armour
 + Level 0.6 Dodging
 + Level 8.5 Stealth
 + Level 0.6 Shields
 + Level 0.6 Unarmed Combat
 + Level 0.6 Spellcasting
 + Level 0.4 Conjurations
 + Level 0.4 Hexes
 + Level 0.4 Charms
 + Level 0.4 Summonings
 + Level 0.4 Necromancy
 + Level 0.4 Translocations
 + Level 0.4 Transmutations
 + Level 0.4 Fire Magic
 + Level 0.4 Ice Magic
 + Level 0.4 Air Magic
 + Level 0.4 Earth Magic
 + Level 0.4 Poison Magic
 + Level 0.8 Invocations
 + Level 4.5 Evocations


You had 3 spell levels left.
You didn't know any spells.
Your spell library was empty.

Dungeon Overview and Level Annotations

Branches:
Dungeon (2/12)

Altars:
Yredelemnul


Innate Abilities, Weirdness & Mutations

Your experience applies equally to all skills.
You have very sharp teeth.
Your uncanny sense of smell can sniff out nearby items.


Message History

You barely miss the hobgoblin.
The hobgoblin is almost dead.
The hobgoblin hits you but does no damage.
You hit the hobgoblin.
You kill the hobgoblin!
The worm closely misses you. The worm bites you!
You hit the worm.
The worm is lightly wounded.
You hit the worm. You bite the worm, but do no damage.
The worm is heavily wounded.
The worm closely misses you. The worm bites you!
* * * LOW HITPOINT WARNING * * *
You barely miss the worm.
The worm is moderately wounded.
You hit the worm.
The worm is severely wounded.
The worm barely misses you. The worm bites you.
You die...

.................#.#.#####..
.........................[..
.................#.#.#####..
#.####.....####...###.# #.. ∆
$ #.....# ####.#.### ###
#.....# #......## #>....#
#.#.#.#.##
#...ww######.#..###.##
#.....@.##.....## ##.#
#....##.##.#.##.###..#
###.#.###.##.#.##..#.#.##
###........................
####.......###.##.##.#.####.##
#........#####.##.##.#.####.#
#.##...........##)..........#
#.##.###############...######
#.##.####### #.....#


You could see 2 worms.

Vanquished Creatures
  3 dart slugs (D:1)
  3 bats (D:1)
  A giant cockroach (D:1)
  3 goblins
  5 hobgoblins
  3 frilled lizards
  3 kobolds
  2 rats (D:1)
23 creatures vanquished.

Notes
Turn   | Place    | Note
-------+----------+-------------------------------------------
     0 | D:1      | Ebbett the Gnoll Rogue began the quest for the Orb.
     0 | D:1      | Reached XP level 1. HP: 13/13 MP: 3/3
   187 | D:1      | Reached XP level 2. HP: 19/19 MP: 5/5
   646 | D:2      | Reached XP level 3. HP: 25/25 MP: 6/6
   784 | D:2      | Found a basalt altar of Yredelemnul.
   907 | D:2      | HP: 1/25 [worm (10)]
   912 | D:2      | Slain by a worm

Action                   || total
-------------------------++-------
Melee: Dagger            ||    59
       Bite              ||    10
 Stab: Sleeping          ||    12
       Distracted        ||     1
Armor: Robe              ||    10
Dodge: Dodged            ||    19
